Map: Invader LE

Players

lllllllll (Probe) - Winner!

  • Race: Protoss Protoss
  • League: Master
  • Spawn Location: 5:00

IIIIIIIIIIII

  • Race: Zerg Zerg
  • League: Grandmaster
  • Spawn Location: 1:00

VOD

Have the link to the VOD?

Description

Time

  • Played on: April 15, 2016, 8:43 p.m.
  • Length: 9:25
Show
View Real Time Build Order
Export as new Build Order

lllllllll Protoss - Winner!

Build Orders: 1 Gate Expand, Mass Adepts 

Get SALT Encoding   

  12  0:01  Probe (Chrono Boost)  
  13  0:11  Probe (Chrono Boost)  
  14  0:18  Pylon  
  14  0:22  Probe (Chrono Boost)  
  15  0:36  Probe (Chrono Boost)  
  15  0:38  Gateway  
  16  0:47  Probe (Chrono Boost), Assimilator  
  17  0:57  Probe (Chrono Boost)  
  18  1:08  Probe (Chrono Boost)  
  19  1:21  Nexus  
  19  1:24  Probe (Chrono Boost)  
  20  1:33  Cybernetics Core  
  20  1:36  Probe (Chrono Boost)  
  21  1:42  Assimilator  
  21  1:46  Probe (Chrono Boost)  
  22  1:51  Pylon  
  22  1:57  Probe (Chrono Boost)  
  23  2:09  Probe (Chrono Boost)  
  23  2:10  Stalker (Chrono Boost)  
  23  2:11  Warp Gate (Chrono Boost)  
  26  2:21  Probe (Chrono Boost)  
  27  2:32  Twilight Council  
  27  2:33  Probe (Chrono Boost)  
  27  2:36  Probe (Chrono Boost)  
  29  2:37  Adept  
  29  2:43  Probe (Chrono Boost)  
  32  2:46  Probe (Chrono Boost)  
  33  2:54  Probe (Chrono Boost)  
  33  2:57  Probe (Chrono Boost)  
  35  3:01  Resonating Glaives (Chrono Boost)  
  35  3:04  Adept, Probe (Chrono Boost)  
  38  3:07  Probe (Chrono Boost)  
  39  3:13  Probe  
  39  3:19  Probe  
  41  3:24  Probe  
  42  3:31  Probe, Gateway  
  42  3:33  Adept, Gateway  
  45  3:38  Pylon  
  45  3:40  Probe  
  46  3:41  Pylon  
  46  3:56  Probe x2  
  46  3:59  Gateway  
  46  4:01  Gateway  
  48  4:09  Probe (Chrono Boost)  
  49  4:10  Mothership Core (Chrono Boost)  
  50  4:18  Pylon  
  50  4:22  Adept  
  50  4:24  Probe (Chrono Boost)  
  53  4:25  Assimilator  
  53  4:26  Blink  
  53  4:27  Adept, Assimilator  
  53  4:29  Adept, Probe (Chrono Boost)  
  53  4:31  Pylon  
  58  4:36  Probe (Chrono Boost)  
  59  4:39  Probe (Chrono Boost)  
  59  4:45  Adept, Forge  
  62  4:49  Adept  
  62  4:50  Adept  
  66  4:54  Adept  
  69  5:00  Adept, Probe (Chrono Boost)  
  71  5:13  Nexus  
  71  5:20  Adept x2  
  71  5:21  Protoss Ground Weapons Level 1 (Chrono Boost)  
  74  5:26  Probe  
  73  5:40  Adept x2  
  73  6:04  Adept x2  
  77  6:17  Gateway  
  73  6:20  Pylon, Gateway  
  73  6:22  Pylon x2  
  73  6:24  Pylon  
  73  6:25  Adept x5, Probe  
  75  6:27  Pylon, Probe x2  
  76  6:38  Probe  
  76  6:39  Probe  
  77  6:40  Probe  
  77  6:45  Adept  
  77  6:46  Sentry x3  
  85  6:51  Probe x2 (Chrono Boost)  
  85  6:52  Protoss Ground Weapons Level 2 (Chrono Boost), Probe (Chrono Boost)  
  88  7:04  Probe (Chrono Boost)  
  88  7:06  Sentry  
  88  7:07  Sentry  
  93  7:17  Probe x2 (Chrono Boost)  
  93  7:19  Probe (Chrono Boost)  
  91  7:28  Stalker x4  
  95  7:36  Stalker x3  
  97  7:54  Stalker  
  97  7:55  Stalker x3  
  98  7:58  Probe x2 (Chrono Boost)  
  98  8:00  Probe (Chrono Boost)  
  98  8:02  Stalker  
  98  8:03  Stalker x2, Robotics Facility  
  98  8:04  Robotics Facility  
  102  8:08  Assimilator  
  102  8:09  Probe x2 (Chrono Boost)  
  102  8:10  Assimilator  
  104  8:18  Adept  
  104  8:19  Stalker x3  
  104  8:35  Stalker  
  104  8:36  Stalker x2  
  96  8:43  Adept  
  96  8:44  Adept x3  
  96  8:45  Probe x2 (Chrono Boost)  
  107  8:51  Observer (Chrono Boost)  
  112  8:56  Probe  
  112  9:01  Adept x3  
  118  9:09  Stalker x2  
  122  9:12  Adept  
  122  9:13  Adept  
Show
View Real Time Build Order
Export as new Build Order

IIIIIIIIIIII Zerg 

Build Orders: Hatch First 

Get SALT Encoding   

  12  0:01  Drone  
  13  0:15  Overlord  
  13  0:19  Drone  
  14  0:34  Drone  
  15  0:36  Drone  
  15  0:37  Drone  
  17  0:53  Hatchery  
  16  0:57  Drone  
  16  1:03  Drone  
  18  1:07  Extractor  
  17  1:17  Spawning Pool  
  17  1:18  Drone  
  17  1:21  Drone  
  18  1:45  Hatchery  
  17  1:51  Drone  
  18  2:02  Drone  
  18  2:03  Queen  
  18  2:06  Zergling x2  
  22  2:14  Metabolic Boost  
  22  2:18  Drone  
  23  2:23  Drone  
  23  2:29  Overlord  
  24  2:33  Drone  
  24  2:35  Drone  
  26  2:43  Queen  
  28  2:51  Overlord  
  28  2:57  Queen  
  30  3:00  Drone  
  30  3:02  Drone  
  30  3:04  Drone  
  33  3:11  Drone  
  33  3:12  Drone x2  
  35  3:16  Overlord  
  35  3:25  Zergling x8  
  39  3:28  Zergling x2  
  39  3:33  Overlord  
  40  3:39  Zergling x2  
  40  3:40  Zergling x4  
  43  3:48  Roach Warren  
  43  3:50  Spore Crawler  
  43  3:51  Spore Crawler  
  40  3:58  Queen  
  42  4:06  Drone x4  
  42  4:09  Drone x2  
  47  4:11  Drone  
  47  4:13  Drone  
  49  4:18  Drone  
  49  4:19  Drone  
  49  4:21  Drone x2  
  52  4:27  Overlord  
  52  4:31  Drone x2  
  53  4:32  Overlord  
  53  4:35  Drone  
  55  4:42  Overlord  
  55  4:45  Lair  
  55  4:49  Drone x4  
  55  4:50  Drone  
  60  4:54  Drone x2  
  62  5:02  Roach x2  
  62  5:05  Roach  
  67  5:08  Zergling x10  
  67  5:13  Extractor  
  71  5:14  Zergling x2, Extractor  
  71  5:15  Zergling x6  
  71  5:18  Zergling x6  
  76  5:31  Zergling x12  
  74  5:40  Zergling x6  
  76  5:55  Zergling x16  
  71  6:05  Roach  
  71  6:06  Roach x4  
  78  6:12  Queen x2  
  78  6:23  Drone x6  
  78  6:25  Glial Reconstitution  
  81  6:30  Overlord x3, Evolution Chamber  
  80  6:36  Drone x2  
  80  6:38  Overlord x2  
  82  6:41  Overlord  
  82  6:46  Overlord  
  81  6:50  Roach  
  81  6:51  Roach x3  
  89  6:55  Spine Crawler  
  89  6:57  Zergling x6  
  90  7:01  Roach x2  
  91  7:09  Zergling x14  
  80  7:22  Zergling x2  
  80  7:23  Zergling x10  
  79  7:34  Zergling x12  
  79  7:47  Zergling x8  
  80  7:56  Zergling x6  
  81  8:01  Zergling x8  
  84  8:09  Zergling x4  
  86  8:15  Zergling x4  
  87  8:23  Roach x2  
  83  8:37  Drone x7  
  83  8:45  Queen  
  84  8:49  Drone  
  84  8:50  Drone x2  
  87  8:58  Drone x7  
  87  9:01  Hatchery  
  92  9:08  Drone x3  
  90  9:21  Extractor  
  90  9:22  Extractor  
Tags
 
Add a new tag
Caveats
  • Supply blocks, unpowered buildings, or Contaminate may cause inaccurate times.
  • Supply counts are checked every 10 seconds.